Min, chaotic female elven Ranger ########### ---------- --------# |...>...(| |.....{|# ----- |........| |......|# #....| |........-#### |......|# ------------- #|...| #.........| # |......|######............| #|...-##### #|........| ##.......| |...........-#####|...| # ------- #---------- -----.-- #-.[.........| #|...| ##-.....| ### ### # ###-----.------- #|.{.| |.....| # # # # #%##u@x### #----- #..)...| # ### # ### # ##[#########------- # # # # ### # # ### # # # # ------# # # # ## # |...<.##` # ## [ ----------|--# |^..(|# -.--|----# |..../......|# |.....##############.....)..|# |...........|# ------ |........# |...._......-# --------- ------------- Min the Reconnoiteress Experience level: 12 Strength: 17 Dexterity: 18 Constitution: 16 Intelligence: 12 Wisdom: 16 Charisma: 7 Health: 0(119) Energy: 105(105) Def: 16 Gold: 0 Moves: 42394 Dungeon seed: wH_qX_IANl-53kQR Game ID: Min_1605865053 Your Inventory: Amulets n - an uncursed amulet of reflection (being worn) E - an uncursed amulet versus poison Weapons d - an uncursed rustproof +0 thirsty dagger (weapon in hand) e - the blessed fireproof +0 Longbow of Diana (alternate weapon; not wielded) f - an uncursed +0 orcish dagger of fire z - 10 uncursed +2 elven arrows A - 7 uncursed +0 thirsty arrows of detonation J - 8 uncursed +0 arrows of frost and lightning M - 39 uncursed poisoned +2 elven arrows N - 25 uncursed +0 elven arrows O - 11 blessed +3 arrows of frost (in quiver) Q - 4 uncursed +0 arrows of fire X - 2 uncursed +0 arrows Armor g - an uncursed +0 mummy wrapping B - an uncursed +0 dwarvish mithril-coat (being worn) C - an uncursed fireproof +0 cloak of magic resistance (being worn) D - an uncursed fireproof +0 pair of speed boots (being worn) F - an uncursed +0 small shield (being worn) G - an uncursed +0 pair of leather gloves (being worn) H - an uncursed fireproof +0 elven leather helm (being worn) Comestibles h - an uncursed green mold corpse y - 2 uncursed female lizard corpses Rings x - an uncursed ring of protection from shape changers L - an uncursed ring of levitation P - an uncursed ring of cold immunity Wands l - an uncursed wand of light (0:9) o - an uncursed wand of fire (0:6) q - an uncursed wand of magic missile (0:5) I - an uncursed wand of striking (0:2) W - an uncursed wand of enlightenment (0:12) Y - an uncursed wand of cold (0:7) Z - an uncursed wand of slow monster (0:2) Tools b - an uncursed sack c - the uncursed Bell of Opening (0:3) k - an uncursed skeleton key r - an uncursed magic lamp (lit) s - an uncursed stethoscope u - an uncursed +0 unicorn horn w - an uncursed magic whistle K - an uncursed expensive camera (0:58) T - an uncursed blindfold Gems j - an uncursed luckstone Contents of the sack: an uncursed rustproof +0 thirsty dagger an uncursed female lizard corpse 4 uncursed food rations 5 uncursed lembas wafers 3 uncursed lumps of royal jelly an uncursed tripe ration a blessed scroll of earth 2 uncursed scrolls of genocide an uncursed scroll of remove curse 2 cursed scrolls of remove curse an uncursed scroll of scare monster 5 uncursed scrolls of teleportation a cursed scroll of teleportation an uncursed potion of extra healing a blessed potion of full healing 2 uncursed potions of full healing an uncursed ring of polymorph control an uncursed wand of digging (0:4) an uncursed wand of lightning (0:5) an uncursed wand of magic missile (0:8) an uncursed wand of sleep (0:3) an uncursed wand of slow monster (0:4) an uncursed wand of striking (0:4) an uncursed wand of undead turning (0:7) an uncursed wooden flute an uncursed chrysoberyl stone 4 uncursed dilithium crystals 4 uncursed fluorite stones an uncursed sapphire an uncursed turquoise stone 469 gold pieces Spells and supernatural/magical abilities: Name Level Category Cost Memory a - force bolt 1 attack 1000pw 49% e - charm monster 3 enchantment 3000pw 65% h - healing 1 healing 1000pw 55% j - jumping 1 escape 1000pw 98% l - light 1 divination 1000pw 71% m - magic missile 2 attack 2000pw 54% n - detect monsters 1 divination 1000pw 55% p - protection 1 clerical 1000pw 53% r - remove curse 3 clerical 3000pw 45% w - wizard lock 2 matter 2000pw 53% z - sleep 1 enchantment 1000pw 37% B - cure blindness 2 healing 2000pw 48% D - drain life 2 attack 2000pw 48% H - speed monster 3 escape 3000pw 70% I - identify 2 divination 2000pw 81% K - cure sickness 3 healing 3000pw 74% T - turn undead 6 clerical 6000pw 84% W - pray for help -- divine ? -- Your skills at the end: Fighting Skills wands [Basic] Weapon Skills dagger [Skilled] spear [Skilled] bow [Expert] Spellcasting Skills divination spells [Basic] Final Attributes: You were piously aligned. You were fire resistant. You were cold resistant. You were immune to sleep. You were shock resistant. You were poison resistant. You were magic resistant. You saw invisible. You were strongly telepathic. You had automatic searching. You had infravision. You were invisible. You were stealthy. You were protected. You were very fast. You had reflection. You were very lucky. You had extra luck. Bad luck did not time out for you. Good luck did not time out for you. Mars was noncommittal. You are dead. Vanquished creatures: a storm giant a purple worm a minotaur a jabberwock Scorpius a baluchitherium a titanothere a trapper a shopkeeper a lurker above 2 frost giants 2 vampires a ghost a queen bee a winged gargoyle 3 giant mimics 2 zruties a fire giant 3 flesh golems 3 doppelgangers 3 large mimics 2 wumpuses a baby long worm 2 long worms a couatl 4 stalkers 2 air elementals a water elemental a warg 21 small mimics 3 glass piercers 5 warhorses 3 xans 2 ettin mummies 4 quantum mechanics 2 trolls a sasquatch 3 gelatinous cubes 2 pyrolisks 3 large dogs 4 freezing spheres 4 flaming spheres 2 shocking spheres 3 large cats 3 tigers 3 gargoyles a dwarf king 4 tengu an ochre jelly 3 leocrottas an energy vortex 26 mountain centaurs 8 stone giants an elf mummy 2 pit vipers a python a cobra 2 wraiths 2 ettin zombies a leather golem 2 soldiers an incubus 5 chameleons 4 crocodiles 9 giant beetles 4 quivering blobs 10 cockatrices 9 wolves 12 winter wolf cubs 2 panthers a gremlin a spotted jelly 5 leprechauns 2 orc-captains 2 iron piercers a mumak 12 giant spiders 32 scorpions 6 horses 2 ice vortices 2 black lights 3 vampire bats 49 forest centaurs 3 gnome kings 6 orc mummies 5 dwarf mummies 4 ogres 3 brown puddings a rust monster 8 owlbears 6 yetis 4 gold golems 2 werewolves 10 lizards 8 hunters a chickatrice 5 dogs 2 dingos a housecat 5 jaguars a dwarf lord 3 blue jellies 4 white unicorns a gray unicorn 7 dust vortices 3 ravens 14 plains centaurs 5 gnome mummies 2 snakes 7 apes 10 human zombies a rope golem 2 bugbears an imp 3 water nymphs 3 mountain nymphs 8 Mordor orcs 7 Uruk-hai 3 orc shamans a rock piercer 7 rock moles 5 ponies 5 fog clouds 6 yellow lights 5 shriekers 4 violet fungi 23 gnome lords 9 gnomish wizards 3 kobold mummies 2 red naga hatchlings a black naga hatchling a golden naga hatchling 5 gray oozes a barrow wight 4 elf zombies 3 ghouls a straw golem 3 paper golems 2 baby crocodiles 11 giant ants 4 little dogs 8 floating eyes 4 kittens 21 dwarves 5 kobold lords 3 kobold shamans 26 hill orcs 7 rothes 4 rabid rats 4 centipedes 13 giant bats 2 monkeys an orc zombie 8 dwarf zombies 3 wererats 4 werejackals 5 iguanas 68 killer bees 4 acid blobs 9 coyotes 6 gas spores 10 hobbits 2 large kobolds 7 hobgoblins 23 giant rats 9 cave spiders a brown mold 4 yellow molds 3 green molds 2 red molds 59 gnomes 16 garter snakes 6 gnome zombies 11 geckos 28 jackals 10 foxes a goblin 11 sewer rats 21 grid bugs 7 bats 9 lichens 4 kobold zombies 17 newts 1075 creatures vanquished. Genocided species: jabberwocks 0 species genocided by you, 1 by monsters Voluntary challenges: You had been an atheist until turn 10915. You used a wielded weapon 1306 times, starting on turn 4025. You had been a pacifist until turn 3762. You read items or engraved 157 times, starting on turn 2029. You never genocided any monsters. You polymorphed 1 item, starting on turn 19614. You changed form 1 time, starting on turn 14521. You used no wishes. You never split a pudding. You wrote Elbereth's name 1 time, starting on turn 2029. You violated your moral code, losing 240 points of alignment, starting on turn 38091. Dungeon overview: The Dungeons of Doom: levels 1 to 24 Level 1 a vault a long staircase Level 2 a general store, a fountain, a vault stairs to The Gnomish Mines Level 3 Level 4 a scroll shop, some fountains Level 5 an armor shop, a sink, a vault Level 6 many fountains Level 7 a vault stairs to Sokoban Level 8 a general store Level 9 a delicatessen, a fountain Level 10 a potion shop Level 11 <- You were here an altar to Mars, some fountains, a vault Level 12 portal to The Quest Level 13 an altar to Mercury, some fountains, a vault Level 14 an armor shop, a fountain Level 15 Level 16 Level 17 Level 18 Level 19 a general store, a fountain, a sink Level 20 a general store, a fountain Level 21 a fountain Level 22 Level 23 Level 24 The Gnomish Mines: levels 3 to 11 Level 3 stairs to The Dungeons of Doom Level 4 Level 5 many shops, a temple to Mercury, some fountains Level 6 Level 7 Level 8 Level 9 Level 10 Level 11 some fountains The Quest: levels 1 to 6 Level 1 many trees portal to The Dungeons of Doom Level 2 many trees Level 3 Level 4 Level 5 Level 6 an altar to Mercury, many trees Sokoban: levels 3 to 6 Level 3 Solved Level 4 Solved Level 5 Solved Level 6 Solved stairs to The Dungeons of Doom History has recorded: On T:1 you entered the Dungeons of Doom to retrieve the Amulet of Yendor! On T:112 you reached level 2 of The Dungeons of Doom. On T:673 you reached level 1 of The Gnomish Mines. On T:894 you reached level 3 of The Dungeons of Doom. On T:1161 you reached level 4 of The Dungeons of Doom. On T:1863 you reached level 5 of The Dungeons of Doom. On T:2293 you reached level 6 of The Dungeons of Doom. On T:3236 you reached level 7 of The Dungeons of Doom. On T:3762 you advanced to experience level 2. On T:3875 you reached level 8 of The Dungeons of Doom. On T:3885 you advanced to experience level 3. On T:3920 you advanced to experience level 4. On T:3945 you advanced to experience level 5. On T:4075 you reached level 4 of Sokoban. On T:4149 you advanced to experience level 6. On T:4746 you reached level 3 of Sokoban. On T:5966 you advanced to experience level 7. On T:5983 you reached level 2 of Sokoban. On T:6538 you reached level 1 of Sokoban. On T:8132 you reached level 9 of The Dungeons of Doom. On T:9139 you reached level 10 of The Dungeons of Doom. On T:9421 you advanced to experience level 8. On T:10681 you reached level 2 of The Gnomish Mines. On T:10787 you reached level 3 of The Gnomish Mines. On T:10807 you reached level 4 of The Gnomish Mines. On T:11925 you reached level 5 of The Gnomish Mines. On T:12397 you reached level 6 of The Gnomish Mines. On T:12651 you reached level 7 of The Gnomish Mines. On T:13150 you advanced to experience level 9. On T:14096 you reached level 8 of The Gnomish Mines. On T:14653 you reached level 9 of The Gnomish Mines. On T:16098 you advanced to experience level 10. On T:19050 you reached level 11 of The Dungeons of Doom. On T:19284 you reached level 12 of The Dungeons of Doom. On T:20538 you reached level 13 of The Dungeons of Doom. On T:20575 you reached level 14 of The Dungeons of Doom. On T:21187 you reached level 15 of The Dungeons of Doom. On T:21360 you reached level 16 of The Dungeons of Doom. On T:21990 you reached level 17 of The Dungeons of Doom. On T:22215 you reached level 18 of The Dungeons of Doom. On T:23769 you reached level 1 of The Quest. On T:24221 you embarked upon an epic quest. On T:24276 you reached level 2 of The Quest. On T:24399 you let a mountain centaur genocide jabberwocks. On T:25705 you reached level 19 of The Dungeons of Doom. On T:25726 you reached level 20 of The Dungeons of Doom. On T:25979 you reached level 21 of The Dungeons of Doom. On T:26986 you reached level 22 of The Dungeons of Doom. On T:27866 you reached level 23 of The Dungeons of Doom. On T:28220 you reached level 24 of The Dungeons of Doom. On T:28271 you advanced to experience level 11. On T:32314 you reached level 3 of The Quest. On T:33648 you reached level 5 of The Quest. On T:34072 you reached level 6 of The Quest. On T:34696 you advanced to experience level 12. On T:35345 you killed Scorpius on level 6 of The Quest. On T:35942 you completed the quest! Score breakdown: Gold: 469 ( 9089 points) Experience: 12 levels (18476 points) Exploration: 24 levels ( 48.00%) (20553 points) Discoveries: 156 items ( 52.88%) (21815 points) Valuables value: (no points given unless you survive) Artifact value: 9000 (13451 points) Variety of kills: 183 monsters ( 48.16%) (20818 points) Turncount: 42394 turns (-4512 points) Survival: died (score multiplied by 80%) Total score: 79752 Latest messages: [10 turns] You faint from lack of food. The horse kicks! The horse misses. The horse kicks! The horse bites! The horse misses. (2x) The horse kicks! The horse misses. The horse just misses! The horse misses. (2x) The horse bites! The horse just misses! The horse misses. (2x) The horse bites! The horse misses. The horse just misses! The horse kicks! The horse bites! The horse kicks! The horse misses. The horse kicks! The horse bites! The horse kicks! The horse bites! You die... Final status: Goodbye Min the Ranger, killed by a horse, while fainted from lack of food... You died in The Dungeons of Doom on dungeon level 11 with 79752 points, and 469 pieces of gold, after 42394 moves. You were level 12 with a maximum of 119 hit points when you died.